 Dungeon Crawl Stone Soup version 0.29.1-13-g9f3cf754e1 (webtiles) character file.

Game seed: 9565865353837446673

1269 shadowmeld the Insei (level 8, -3/56 HPs)
             Began as a Djinni Transmuter on Jan 31, 2023.
             Slain by a phantom (4 damage)
             ... on level 6 of the Dungeon.
             The game lasted 00:30:39 (6718 turns).

shadowmeld the Insei (Djinni Transmuter)            Turns: 6718, Time: 00:30:40

Health: -3/56      AC:  6    Str:  9    XL:     8   Next: 82%
Gold:   290        EV: 14    Int: 16    God:
                   SH:  0    Dex: 15

rFire   + . .      SeeInvis .     - Unarmed
rCold   . . .      Faith    .   (no shield)
rNeg    . . .      Spirit   .   a - +0 robe
rPois   ∞          Reflect  .   (helmet currently unavailable)
rElec   .          Harm     .   n - +2 cloak
rCorr   .          Rampage  .   w - +0 pair of gloves
Will    .....                   (boots unavailable)
Stlth   +.........              (no amulet)
HPRegen 0.18/turn               j - ring of ice
MPRegen 0.00/turn               (no ring)

@: mighty, appendages, flying
A: horns 2, flying, sickness immunity, fire resistance 2, cold vulnerability 1,
float, innate caster, HP casting, extra vitality 1
a: End Transformation


You were on level 6 of the Dungeon.
You had temporarily grown beastly horns.
You visited 1 branch of the dungeon, and saw 6 of its levels.

You collected 290 gold pieces.

Inventory:

Hand Weapons
 m - a +4 quarterstaff of chaos
Missiles
 x - 6 poisoned darts
Armour
 a - a +0 robe (worn)
 n - a +2 cloak (worn)
 w - a +0 pair of gloves (worn)
 y - a +4 ring mail
Jewellery
 j - a ring of ice (left hand)
 A - a ring of resist corrosion
Wands
 b - a wand of paralysis (3)
Scrolls
 e - a scroll of torment {unknown}
 g - 4 scrolls of magic mapping {unknown}
 h - 3 scrolls of blinking {unknown}
 l - 2 scrolls of butterflies {unknown}
 o - a scroll of immolation {unknown}
 p - 2 scrolls of poison {unknown}
 q - 8 scrolls of identify {unknown}
 r - a scroll of silence {unknown}
 t - 4 scrolls of teleportation {unknown}
 u - 2 scrolls of noise {unknown}
 v - 2 scrolls of enchant weapon {unknown}
 z - a scroll of amnesia {unknown}
Potions
 c - 2 potions of mutation {unknown}
 d - 2 potions of heal wounds {unknown}
 f - 3 potions of curing {unknown}
 i - 4 potions of might
 k - a potion of attraction {unknown}
 s - a potion of berserk rage {unknown}


   Skills:
 * Level 3.4 Fighting
 * Level 5.5 Dodging
 * Level 7.1 Unarmed Combat
 * Level 4.0 Spellcasting


You couldn't memorise any spells.
You knew the following spells:

 Your Spells              Type           Power      Damage    Failure   Level
a - Beastly Appendage     Tmut           32%        N/A       3%          1
b - Wereblood             Tmut           16%        N/A       4%          2
c - Spider Form           Tmut/Pois      16%        N/A       10%         3
d - Ice Form              Ice/Tmut       24%        N/A       30%         4
e - Apportation           Tloc           32%        N/A       3%          1
f - Call Imp              Summ           16%        N/A       4%          2
g - Teleport Other        Tloc           16%        N/A       10%         3
Your spell library was empty.

Dungeon Overview and Level Annotations

Branches:
Dungeon (6/15)
 Temple: D:4-7

Altars:
Yredelemnul

Shops:
D:1 [

Annotations:
D:2 TEST


Innate Abilities, Weirdness & Mutations

You have temporarily grown beastly horns.
You are flying.
You are immune to sickness and miasma.
You are immune to poison.
Your flesh is very heat resistant. (rF++)
You are vulnerable to cold. (rC-)
You float through the air rather than walking.
You learn spells naturally, not from books.
Your magical power is your life essence.
You have superior vitality. (+4 MHP)


Message History

Beogh smites you!
* * * LOW HITPOINT WARNING * * *
The orc wizard barely misses your crimson imp.
You hit the orc wizard but do no damage.
The orc wizard looks as sick as possible!
The orc wizard is almost dead.
Your crimson imp closely misses the orc wizard.
The orc priest closely misses your crimson imp.
You bite the orc wizard!
You kill the orc wizard!
Your transformation has ended.
Your +2 cloak unmelds from your body.
Your +0 pair of gloves unmelds from your body.
Your +0 robe unmelds from your body.
Your crimson imp closely misses the orc priest.
The orc priest hits your crimson imp with a +0 hand axe.
Okay, then.
Your crimson imp hits the orc priest.
The orc priest hits your crimson imp with a +0 hand axe.
Your crimson imp blinks!
The phantom attacks as you move away! The phantom barely misses you.
Casting: Call Imp (safe; 4% risk of failure)
Confirm with . or Enter, or press ? or * to list all spells.
You grow a pair of large bovine horns.
* * * LOW HITPOINT WARNING * * *
The phantom closely misses you.
You hit the phantom. Your headbutt misses the phantom.
The phantom is lightly damaged.
The phantom hits you.
* * * LOW HITPOINT WARNING * * *
The phantom blinks!
You blink.
You completely miss the phantom. You headbutt the phantom.
The phantom is lightly damaged.
The phantom hits you.
* * * LOW HITPOINT WARNING * * *
The phantom blinks!
You blink.
It was a potion of might.
You feel very mighty all of a sudden. The phantom hits you.
You die...

# #...# # #<# .. #.###. ##
. #.#.. ..#.. #.#.##.... ~
####.......### ≈~
###............. ~### ..
#.......# ...#.
##.@.§§..##
#.......WK.......#
#..#####.......#.#
#K#...o..o§......#
#...5#####.......# ## #
#..........##[##.###..# #
#..........##.<.......# #
#......Wo..##..........
#####.........##...)####..


You could see a phantom, an orc priest and a kobold.

Vanquished Creatures
  An ice beast (D:6)
  2 black bears (D:5)
  2 phantoms
  4 scorpions (D:5)
  A jelly (D:4)
  3 hounds
  Crazy Yiuf (D:2)
  Jessica (D:2)
  2 iguanas
  4 orc wizards
  5 adders
  5 gnolls
  A shadow imp (D:5)
  A white imp (D:5)
  2 ufetubi (D:4)
  2 worms (D:2)
  3 dart slugs
  8 orcs
  6 endoplasms
  3 giant cockroaches
  5 hobgoblins
  4 jackals (D:1)
  13 kobolds
  2 quokkas
  3 ball pythons
  6 bats
  3 frilled lizards
  5 goblins
  8 rats
106 creatures vanquished.

Vanquished Creatures (collateral kills)
  A scorpion (D:4)
  2 gnolls (D:3)
  A goblin (D:4)
4 creatures vanquished.

Grand Total: 110 creatures vanquished

Notes
Turn   | Place    | Note
-------+----------+-------------------------------------------
     0 | D:1      | shadowmeld the Djinni Transmuter began the quest for the
                  | Orb.
     0 | D:1      | shadowmeld set off with the following spells memorised:
                  | Beastly Appendage, Wereblood, Spider Form, Ice Form.
     0 | D:1      | Reached XP level 1. HP: 17/17 MP: 0/0
   248 | D:1      | Reached XP level 2. HP: 14/22 MP: 0/0
   500 | D:1      | Found Jiemep's Antique Armour Boutique.
  1025 | D:1      | Reached XP level 3. HP: 24/27 MP: 0/0
  1025 | D:1      | Learned a level 1 spell: Apportation
  2201 | D:2      | Reached XP level 4. HP: 31/32 MP: 0/0
  2440 | D:2      | Found a runed translucent door.
  2441 | D:2      | Noticed Crazy Yiuf
  2487 | D:2      | Noticed Jessica
  2501 | D:2      | Killed Jessica
  2677 | D:2      | Reached XP level 5. HP: 14/38 MP: 0/0
  2677 | D:2      | Learned a level 2 spell: Call Imp
  3034 | D:2      | Killed Crazy Yiuf
  3035 | D:2      | Reached skill level 4 in Unarmed Combat
  3465 | D:3      | You are sucked into a shaft and drop 2 floors!
  3465 | D:5      | Entered Level 5 of the Dungeon
  4314 | D:3      | Found a faded altar of an unknown god.
  4405 | D:4      | Reached XP level 6. HP: 17/43 MP: 0/0
  5439 | D:5      | Reached skill level 5 in Unarmed Combat
  5439 | D:5      | Reached XP level 7. HP: 45/49 MP: 0/0
  5439 | D:5      | Learned a level 3 spell: Teleport Other
  5455 | D:5      | Found a basalt altar of Yredelemnul.
  5524 | D:5      | Reached XP level 8. HP: 26/55 MP: 0/0
  5531 | D:5      | Reached skill level 6 in Unarmed Combat
  6137 | D:5      | Reached skill level 5 in Dodging
  6506 | D:6      | Reached skill level 7 in Unarmed Combat
  6717 | D:6      | HP: 1/56 [phantom (2)]
  6718 | D:6      | Slain by a phantom

Illustrated notes

Levels and vault maps discovered:
D:1:      sevenhm_arrival_forest_fort_small_4, layout_basic, serial_shops,
          nicolae_shop_trees
D:2:      layout_rooms, kennysheep_generic_room_16, uniq_jessica,
          uniq_crazy_yiuf_cottage
D:3:      layout_loops_cross, shapermc_ecumenical_altar_petra
D:4:      layout_loops_ring
D:5:      layout_rooms, general_overflow_altar
D:6:      cheibrodos_thug_alley, layout_rooms

Skill      XL: |  1  2  3  4  5  6  7  8 |
---------------+-------------------------+-----
Spellcasting   | 2 3 4 |  4.0
Dodging        | 3 4 5 |  5.5
Unarmed Combat | 4 5 7 |  7.1
Fighting       | 2 3 |  3.4

Action                   |  1- 3 |  4- 6 |  7- 9 || total
-------------------------+-------+-------+-------++-------
Melee: Unarmed           |   127 |   169 |   125 ||   421
       Headbutt          |    20 |    28 |     4 ||    52
       Punch             |     2 |     4 |     5 ||    11
 Cast: Beastly Appendage |    27 |    29 |     2 ||    58
       Call Imp          |       |     9 |     6 ||    15
       Spider Form       |       |       |     8 ||     8
  Use: Potion            |       |     1 |     3 ||     4
 Stab: Sleeping          |     1 |     2 |       ||     3
       Distracted        |       |     1 |       ||     1
Armor: Robe              |    33 |    33 |    10 ||    76
       Skin              |       |     2 |   101 ||   103
Dodge: Dodged            |    81 |   103 |    63 ||   247
